 Dungeon Crawl Stone Soup version 0.29.1-15-g9cfb28693d (webtiles) character file.

Game seed: 17306445719821184992

308 booth the Chopper (level 6, -5/47 HPs)
             Began as a Demonspawn Gladiator on Mar 11, 2023.
             Killed from afar by an orc wizard (11 damage)
             ... with a puff of flame
             ... on level 3 of the Dungeon.
             The game lasted 00:15:19 (2481 turns).

booth the Chopper (Demonspawn Gladiator)            Turns: 2481, Time: 00:15:20

Health: -5/47      AC:  5    Str: 16    XL:     6   Next: 17%
Magic:  6/6        EV: 13    Int:  9    God:
Gold:   125        SH:  0    Dex: 15    Spells: 5/5 levels left

rFire   . . .      SeeInvis .   a - +0 war axe
rCold   . . .      Faith    .   (no shield)
rNeg    . . .      Spirit   .   b - +0 leather armour
rPois   .          Reflect  .   c - +0 helmet
rElec   .          Harm     .   j - +0 cloak
rCorr   .          Rampage  .   (no gloves)
Will    .....                   (no boots)
Stlth   +.........              (no amulet)
HPRegen 0.15/turn               (no ring)
MPRegen 0.10/turn               (no ring)

@: confused
A: claws 1, ignite blood 2
a: no special abilities


You were on level 3 of the Dungeon.
You visited 1 branch of the dungeon, and saw 3 of its levels.

You collected 125 gold pieces.

Inventory:

Hand Weapons
 a - a +0 war axe (weapon)
 g - a +0 mace
Missiles
 d - 3 throwing nets (quivered)
Armour
 b - a +0 leather armour (worn)
 c - a +0 helmet (worn)
 i - a +0 ring mail
 j - a +0 cloak (worn)
Scrolls
 h - a scroll of teleportation
 n - a scroll of identify {unknown}
 o - a scroll of poison {unknown}
 p - a scroll of blinking {unknown}
Potions
 f - 2 potions of curing
 l - a potion of magic {unknown}
 m - a potion of haste {unknown}


   Skills:
 + Level 3.3 Fighting
 * Level 4.5 Axes
 + Level 3.0 Throwing
 + Level 3.6 Dodging


You had 5 spell levels left.
You didn't know any spells.
Your spell library contained the following spells:

 Spells                   Type           Power      Damage    Failure   Level
 Gell's Gravitas          Tloc           0%         N/A       83%         3
 Lesser Beckoning         Tloc           0%         N/A       83%         3
 Teleport Other           Tloc           0%         N/A       83%         3
 Conjure Ball Lightning   Conj/Air       0%         3x3d6     100%        6
 Discord                  Hex            0%         N/A       100%        8
 Disjunction              Tloc           0%         N/A       100%        8


Dungeon Overview and Level Annotations

Branches:
Dungeon (3/15)

Altars:

Shops:
D:1 [   D:2 :


Innate Abilities, Weirdness & Mutations

You have sharp fingernails.
Your demonic aura often causes spilled blood to erupt in flames.


Message History

The orc wizard barely misses you.
The orc wizard points at you and mumbles some strange words.
The puff of flame hits you!
You closely miss the orc wizard.
The orc wizard is moderately wounded.
The orc wizard hits you with a +0 dagger.
You barely miss the orc wizard.
The orc wizard is moderately wounded.
You hit the orc.
The orc is engulfed in blazing flames.
You kill the orc!
The orc wizard mumbles some strange words.
The orc wizard flickers and vanishes!
Deactivating autopickup; reactivate with Ctrl-A.
You hit something but do no damage.
You hear some strange, mumbled words.
You are confused.
You hear some strange, mumbled words.
Something tries to affect you, but you resist.
You bump into the rock wall.
Something hits you. The orc misses you. The orc barely misses you.
You hear some strange, mumbled words.
You are more confused.
The orc barely misses you. The orc hits you with a +0 war axe!
* * * LOW HITPOINT WARNING * * *
The orc closely misses you.
Items here: ))) [ †.
You completely miss something.
You hit the orc. x2; You barely miss the orc.
You hit the orc. x2; The orc barely misses you.
The orc closely misses you.
The orc barely misses you. x2; The orc is engulfed in blazing flames.
You kill the orc!
You hear some strange, mumbled words.
A puff of flame appears from out of thin air!
The puff of flame hits you!
* * * LOW HITPOINT WARNING * * *
You're too confused to move!
The orc barely misses you. x2
The orc misses you. The orc hits you but does no damage.
You hear some strange, mumbled words.
A puff of flame appears from out of thin air!
The puff of flame hits you!
You die...

####### #.....# #.....# #####
###.....# ##########
###○{.####.......# ...#.....##
#..o@##..........#
..........###..ooo.....#.....#
...........#....o.^....###.###
...............#.##.#### #.#
.............###)#..# #.#
............###..#.## #.#
...........)##..##.# #.##
..........)).o.###.# #..#
...#....o.###......# ##.#


You could see 5 orcs.

Vanquished Creatures
  Sigmund (D:2)
  Jessica (D:2)
  3 gnolls (D:3)
  2 adders
  2 worms (D:2)
  6 orcs (D:3)
  5 endoplasms
  7 goblins
  4 hobgoblins
  4 jackals (D:2)
  6 kobolds
  2 quokkas (D:1)
  2 ball pythons
  5 bats
  4 frilled lizards
  4 rats
58 creatures vanquished.

Vanquished Creatures (others)
  2 fungi (D:2)
  2 plants (D:2)
4 creatures vanquished.

Grand Total: 62 creatures vanquished

Notes
Turn   | Place    | Note
-------+----------+-------------------------------------------
     0 | D:1      | booth the Demonspawn Gladiator began the quest for the Orb.
     0 | D:1      | Reached XP level 1. HP: 16/16 MP: 1/1
   250 | D:1      | Gained mutation: Your demonic aura sometimes causes spilled
                  | blood to erupt in flames. [demonic ancestry]
   250 | D:1      | Reached XP level 2. HP: 22/22 MP: 2/2
   280 | D:1      | Reached skill level 3 in Axes
   334 | D:1      | Found Nilyg's Armour Emporium.
  1009 | D:2      | Gained mutation: Your demonic aura often causes spilled
                  | blood to erupt in flames. [demonic ancestry]
  1009 | D:2      | Reached XP level 3. HP: 26/28 MP: 3/3
  1435 | D:2      | Noticed Sigmund
  1446 | D:2      | Killed Sigmund
  1447 | D:2      | Reached skill level 4 in Axes
  1447 | D:2      | Gained mutation: You have sharp fingernails. [demonic
                  | ancestry]
  1447 | D:2      | Reached XP level 4. HP: 21/35 MP: 4/4
  1447 | D:2      | Reached XP level 5. HP: 25/41 MP: 5/5
  1668 | D:2      | Noticed Jessica
  1683 | D:2      | Killed Jessica
  1942 | D:2      | Found a faded altar of an unknown god.
  2107 | D:2      | Found Wegho's Book Boutique.
  2396 | D:3      | Reached XP level 6. HP: 47/47 MP: 6/6
  2481 | D:3      | Killed from afar by an orc wizard

Illustrated notes

Levels and vault maps discovered:
D:1:      beargit_arrival_diablo_church, layout_basic, serial_shops, shop
D:2:      layout_loops_corners, shapermc_ecumenical_altar_hornbeckon,
          serial_shops, nicolae_shop_behind_doors, uniq_jessica, uniq_sigmund
D:3:      layout_rooms, uniq_grinder, uniq_natasha

Skill      XL: |  1  2  3  4  5 |
---------------+----------------+-----
Throwing       | 2 3 |  3.0
Axes           | 3 4 |  4.5
Dodging        | 3 |  3.6
Fighting       | 3 |  3.3

Action                   |  1- 3 |  4- 6 || total
-------------------------+-------+-------++-------
Melee: War axe           |    95 |    55 ||   150
       Punch             |     2 |     1 ||     3
Throw: Javelin           |     1 |     3 ||     4
       Throwing net      |     1 |     1 ||     2
  Use: Potion            |     2 |     2 ||     4
       Scroll            |     1 |     1 ||     2
Armor: Leather armour    |    30 |    15 ||    45
Dodge: Dodged            |    77 |    61 ||   138
